 Dungeon Crawl Stone Soup version 0.23.2-1-ga50397a (webtiles) character file.

Game seed: 16028535808901834479

53 IBeShadow the Insei (level 3, 0/24 HPs)
             Began as an Octopode Transmuter on May 23, 2019.
             Succumbed to an adder's poison
             ... on level 1 of the Dungeon.
             The game lasted 00:01:24 (1392 turns).

IBeShadow the Insei (Octopode Transmuter)           Turns: 1392, Time: 00:01:24

Health: 0/24       AC:  1    Str:  9    XL:     3   Next: 89%
Magic:  6/6        EV: 19    Int: 16    God:
Gold:   59         SH:  0    Dex: 17    Spells: 3/6 levels left

rFire    . . .     SeeInvis .     - Unarmed
rCold    + . .     Gourm    .   (no shield)
rNeg     . . .     Faith    .   (helmet restricted)
rPois    .         Spirit   .   (no amulet)
rElec    .         Reflect  .   (no ring)
rCorr    .         Harm     .   (no ring)
MR       .....     Rnd*Rage +   (no ring)
Stlth    ++++......             (no ring)
HPRegen  0.08/turn              (no ring)
MPRegen  0.10/turn              (no ring)
                                (no ring)
                                (no ring)

@: agile, lethally poisoned (0 -> -6)
A: almost no armour, stealthy swim, amphibious, 8 rings, constrict 8, camouflage
1, berserk 1, cold resistance 1, gelatinous body 1
a: no special abilities


You were on level 1 of the Dungeon.
You were not hungry.

You visited 1 branch of the dungeon, and saw 2 of its levels.

You collected 59 gold pieces.

Inventory:

Missiles
 a - 12 arrows
Scrolls
 b - a scroll of fog {unknown}
 d - a scroll of immolation {unknown}
 e - a scroll of enchant armour {unknown}
 i - a scroll of teleportation {unknown}
Potions
 g - a potion of agility
Comestibles
 c - 4 rations
 h - 2 chunks of flesh


   Skills:
 + Level 1.9 Fighting
 - Level 2.0 Dodging
 * Level 3.9 Unarmed Combat
 - Level 2.0 Spellcasting
 + Level 2.6 Transmutations


You had 3 spell levels left.
You knew the following spells:

 Your Spells              Type           Power        Failure   Level  Hunger
a - Beastly Appendage     Tmut           #.....       7%          1    #......
b - Sticks to Snakes      Tmut           #.......     11%         2    ###....

Your spell library contained the following spells:

 Spells                   Type           Power        Failure   Level  Hunger
 Spider Form              Tmut/Pois      #.........   36%         3    ###....
 Ice Form                 Ice/Tmut       #.......     77%         4    #####..
 Blade Hands              Tmut           #.........   89%         5    ######.


Dungeon Overview and Level Annotations

Branches:
Dungeon (2/15)

Altars:


Innate Abilities, Weirdness & Mutations

You cannot wear most types of armour.
You are very stealthy in the water. (Stealth+)
You are amphibious.
You can wear up to eight rings at the same time.
You can use your tentacles to constrict eight enemies at once.
Your skin changes colour to match your surroundings (Stealth+).
Your rubbery body absorbs attacks. (AC +1, EV +1)
You tend to lose your temper in combat.
Your flesh is cold resistant. (rC+)


Message History

The jackal closely misses you. The jackal misses you.
You barely miss the jackal. Your grab misses the jackal.
* * * LOW HITPOINT WARNING * * *
You feel sick. The jackal closely misses you.
You tentacle-slap the jackal. Your grab misses the jackal.
You squeeze the jackal.
The jackal is heavily wounded.
The jackal barely misses you.
You closely miss the jackal. You grab the jackal.
The jackal is heavily wounded.
You constrict the jackal, but do no damage.
* * * LOW HITPOINT WARNING * * *
You feel sick. The jackal completely misses you. x2
You tentacle-slap the jackal.
You kill the jackal!
Okay, then.
Really quaff the potion of mutation?
You feel extremely strange.
You feel a little pissed off.
You feel resistant to cold.
You die...

.#####..#####..#.###.#####..## ##
........# #..............#.###.
######..#####....###.##..####.#.#
#.......#.#......# #.###.## ##.##
'.......#.#......# #.####.###.#.#
#.........#......###....##.#.#.#.
######................#.###.#.<.#
#.....##.#....##.#.##.#.#.#.
#.....+..#.@..+....#.###.#.#
#.....#..##...##.#..## ##.##
#.....#..##...#......###.#.#
#.....#..##...#..###..#.###.
#.....#..........# #...##### ###
#.....#.########.###.###.... ..#
#.....#+####.....#...# #.... ..#
#.........#........### #..## ..#
#.........#........# #....


There were no monsters in sight!

Vanquished Creatures
  2 adders
  A leopard gecko (D:1)
  4 bats (D:1)
  3 giant cockroaches (D:1)
  6 goblins
  2 hobgoblins (D:1)
  5 jackals (D:1)
  2 kobolds (D:1)
  3 frilled lizards (D:1)
  A rat (D:1)
29 creatures vanquished.

Notes
Turn   | Place    | Note
-------+----------+-------------------------------------------
     0 | D:1      | IBeShadow the Octopode Transmuter began the quest for the
                  | Orb.
     0 | D:1      | Reached XP level 1. HP: 13/13 MP: 3/3
   257 | D:1      | Reached XP level 2. HP: 18/18 MP: 5/5
   278 | D:1      | Learned a level 2 spell: Sticks to Snakes
   594 | D:1      | Reached XP level 3. HP: 23/23 MP: 6/6
  1385 | D:1      | Gained mutation: You are weak. (Str -2) [potion of
                  | mutation]
  1385 | D:1      | Lost mutation: You are weak. (Str -2) [potion of mutation]
  1390 | D:1      | HP: 1/24 [poisoned by an adder]
  1392 | D:1      | Gained mutation: You tend to lose your temper in combat.
                  | [potion of mutation]
  1392 | D:1      | Gained mutation: Your flesh is cold resistant. (rC+)
                  | [potion of mutation]
  1392 | D:1      | Succumbed to an adder's poison

Action                   || total
-------------------------++-------
Melee: Unarmed           ||    73
       Constrict         ||    22
       Tentacles         ||    10
       Punch             ||     2
  Use: Potion            ||     3
 Stab: Sleeping          ||     8
  Eat: Chunk             ||     1
Armor: Skin              ||     8
Dodge: Dodged            ||    63
